 Dungeon Crawl Stone Soup version 0.20-a0-751-g905781e (webtiles) character file.

28 Amciq the Skirmisher (level 3, 1/49 HPs)
             Began as a Hill Orc Abyssal Knight on Feb 25, 2017.
             Was a Follower of Lugonu.
             Quit the game on level 2 of the Dungeon.
             The game lasted 00:04:23 (779 turns).

Amciq the Skirmisher (Hill Orc Abyssal Knight)       Turns: 779, Time: 00:04:24

Health: 1/49       AC: 21    Str: 15    XL:     3   Next: 12%
Magic:  5/5        EV:  2    Int: 12    God:    Lugonu [*.....]
Gold:   73         SH:  0    Dex: 10    Spells: 2/2 levels left

rFire    . . .     SeeInvis .   a - +1 hand axe
rCold    . . .     Gourm    .   (armour currently unavailable)
rNeg     + + +     Faith    .   (no shield)
rPois    +         Spirit   .   (helmet currently unavailable)
rElec    .         Reflect  .   (cloak currently unavailable)
rCorr    .         Harm     .   (gloves currently unavailable)
MR       .....     NoTele   +   (boots currently unavailable)
Stlth    +.........             (no amulet)
Regen    0.2/turn               (no ring)
MPRegen  0.1/turn               (no ring)

@: lethally poisoned (1 -> -3), tree-form
A: (antennae 0), (slimy green scales 0)
a: Depart the Abyss, Renounce Religion


You were on level 2 of the Dungeon.
You worshipped Lugonu.
Lugonu was aware of your devotion.
You were not hungry.
You were a tree.
You visited 1 branch of the dungeon, and saw 2 of its levels.
You visited the Abyss 1 time.

You collected 73 gold pieces.

Inventory:

Hand Weapons
 a - a +1 hand axe (weapon)
Armour
 b - a +0 leather armour (melded)
Scrolls
 d - a scroll of recharging
Comestibles
 c - 3 bread rations


   Skills:
 + Level 3.9 Fighting
 * Level 3.5 Axes
 + Level 2.4 Armour
 - Level 1.0 Dodging
 * Level 3.1 Invocations


You had 2 spell levels left.
You didn't know any spells.

Dungeon Overview and Level Annotations

Branches:
Dungeon (2/15)

Altars:


Innate Abilities, Weirdness & Mutations

((You have a pair of small antennae on your head.))
((You are partially covered in slimy green scales. (AC +2)))


Message History

You hear a loud clanging noise!
It was a scroll of noise.
* * * LOW HITPOINT WARNING * * *
You feel sick.
You hear a shout! x2; You hear an angry hiss.
You hear a shout! x2
You hear an angry hiss.
As you read the scroll labeled LIUF VIBBOMAOH, it crumbles to dust.
You feel aware of your surroundings.
You sensed 1 altar.
It was a scroll of magic mapping.
* * * LOW HITPOINT WARNING * * *
You feel sick.
A hobgoblin comes into view. It is wielding a club.
You cannot move.
You cannot move.
You cannot move.
You cannot move.
You cannot move.
You cannot move.
You cannot move.
Are you sure you want to abandon this character and quit the game? (Confirm with "yes".)

...................,***,*********
#.......##..........###.,,,,,,,,,
#..................$....,,,,,****
.....#..###.............,,,,,+,,*
........###.............,,,,,**,*
.........##.............,,*****,*
#......#'##'#####.......,,* *,*
#.....#.......###.....(.,,* *,*
....###.........♣.......,,* *,*
....**#.................,,* *,*
...,,...............###.*** *,*
..,.................# *,* *,*
,,..................#**+*** *,*
,,.................?..,,,,* *,*
,,.......#.............,,,* *,*
,,,,**####..g..........,,,* *,*
*,,,,,,,**,,,,,,,,,,,,,,,,* *,*


You could see a hobgoblin.

Vanquished Creatures
  An adder (D:2)
  A dart slug (D:1)
  A giant cockroach (D:1)
  4 goblins
  2 hobgoblins (D:1)
  A ball python (D:1)
  A bat (D:1)
  A frilled lizard (D:1)
  3 kobolds (D:1)
  3 rats (D:1)
18 creatures vanquished.

Notes
Turn   | Place    | Note
-------+----------+-------------------------------------------
     0 | Abyss:1  | Amciq the Hill Orc Abyssal Knight began the quest for the Orb.
     0 | Abyss:1  | Reached XP level 1. HP: 19/19 MP: 2/2
    50 | Abyss:1  | Noticed an ophan
    51 | D:1      | Escaped the Abyss
   103 | D:1      | Reached skill level 1 in Dodging
   171 | D:1      | Reached XP level 2. HP: 26/27 MP: 3/3
   262 | D:1      | Reached * piety under Lugonu
   765 | D:2      | Gained mutation: You are partially covered in slimy green scales. (AC +2) [potion of mutation]
   765 | D:2      | Gained mutation: You have a pair of small antennae on your head. [potion of mutation]
   775 | D:2      | Reached XP level 3. HP: 4/33 MP: 5/5
   777 | D:2      | HP: 2/49 [poisoned by an adder]
   779 | D:2      | Quit the game

Vault maps used:
D:1:      minmay_arrival_four_houses, feat_on_display
D:2:      old_standard_altar, uniq_natasha, uniq_terence
Abyss:1:  hangedman_decor_points

Skill      XL: |  1  2 |
---------------+-------+-----
Dodging        | 1 |  1.0
Axes           | 3 |  3.5
Invocations    | 3 |  3.1
Fighting       | |  3.9
Armour         | |  2.4

Action                   || total
-------------------------++-------
Melee: Hand axe          ||    62
Invok: Depart the Abyss  ||     1
  Use: Potion            ||     3
       Scroll            ||     4
Armor: Leather armour    ||    17
       Skin              ||     9
Dodge: Dodged            ||    36
